 Dungeon Crawl Stone Soup version 0.28-a0-909-g796cbd3a86 (webtiles) character file.

Game seed: 14299840425102910549

1500 RepHenryClay the Insei (level 8, -1/61 HPs)
             Began as a Gnoll Transmuter on Nov 24, 2021.
             Was an Initiate of Makhleb.
             Shot with an arrow by a centaur (7 damage)
             ... on level 7 of the Dungeon.
             The game lasted 00:11:43 (8320 turns).

RepHenryClay the Insei (Gnoll Transmuter)           Turns: 8320, Time: 00:11:44

Health: -1/61      AC:  2    Str:  9    XL:     8   Next: 81%
Magic:  17/17      EV: 14    Int: 17    God:    Makhleb [......]
Gold:   357        SH:  0    Dex: 15    Spells: 8/19 levels left

rFire   . . .      SeeInvis .   D - +8 war axe of the Illusory Gods {vorpal, Int+4}
rCold   . . .      Faith    .   (no shield)
rNeg    . . .      Spirit   .   a - +0 robe
rPois   .          Reflect  .   (no helmet)
rElec   .          Harm     .   (no cloak)
rCorr   .          Rampage  .   (no gloves)
Will    .....                   (no boots)
Stlth   ++........              (no amulet)
HPRegen 0.20/turn               (no ring)
MPRegen 0.15/turn               (no ring)

@: no status effects
A: fangs 1, strong nose, distributed training
a: Renounce Religion


You were on level 7 of the Dungeon.
You worshipped Makhleb.
Makhleb was noncommittal.
You visited 2 branches of the dungeon, and saw 8 of its levels.

You collected 357 gold pieces.

Inventory:

Hand Weapons
 D - the +8 war axe of the Illusory Gods (weapon) {vorpal, Int+4}
   (You found it on level 5 of the Dungeon)

   It inflicts extra damage upon your enemies.
   Int:       It affects your intelligence (+4).
Missiles
 k - 33 poisoned darts (quivered)
 m - 8 atropa-tipped darts
 B - a throwing net
 G - 5 datura-tipped darts
Armour
 a - a +0 robe (worn)
Jewellery
 s - a ring of ice
 H - an amulet of guardian spirit
Wands
 d - a wand of paralysis (11)
 t - a wand of acid (8)
 w - a wand of digging (4)
 y - a wand of flame (5)
 F - a wand of polymorph (8)
Scrolls
 e - a scroll of fog {unknown}
 f - a scroll of teleportation {unknown}
 g - 4 scrolls of amnesia {unknown}
 j - 4 scrolls of noise {unknown}
 p - 2 scrolls of identify {unknown}
 r - a scroll of blinking {unknown}
 v - a scroll of torment {unknown}
 A - a scroll of brand weapon {unknown}
 C - a scroll of acquirement {unknown}
 I - a scroll of summoning {unknown}
Potions
 b - a potion of degeneration {unknown}
 h - a potion of brilliance {unknown}
 i - a potion of attraction {unknown}
 l - a potion of haste {unknown}
 n - a potion of berserk rage
 o - a potion of magic {unknown}
 q - a potion of resistance {unknown}
 x - a potion of mutation {unknown}
 z - 3 potions of flight {unknown}
 E - 2 potions of cancellation {unknown}


   Skills:
 + Level 4.5 Fighting
 + Level 3.6 Short Blades
 + Level 3.6 Long Blades
 + Level 3.6 Axes
 + Level 3.6 Maces & Flails
 + Level 3.6 Polearms
 + Level 3.6 Staves
 + Level 3.6 Slings
 + Level 3.6 Bows
 + Level 3.6 Crossbows
 + Level 3.6 Throwing
 + Level 3.6 Armour
 + Level 5.9 Dodging
 + Level 3.6 Stealth
 + Level 3.6 Shields
 + Level 7.5 Unarmed Combat
 + Level 6.2 Spellcasting
 + Level 2.9 Conjurations
 + Level 2.9 Hexes
 + Level 2.9 Summonings
 + Level 2.9 Necromancy
 + Level 2.9 Translocations
 + Level 4.8 Transmutations
 + Level 2.9 Fire Magic
 + Level 2.9 Ice Magic
 + Level 2.9 Air Magic
 + Level 2.9 Earth Magic
 + Level 2.9 Poison Magic
 + Level 4.0 Invocations
 + Level 3.6 Evocations


You had 8 spell levels left.
You knew the following spells:

 Your Spells              Type           Power      Damage    Failure   Level
a - Beastly Appendage     Tmut           42%        N/A       1%          1
b - Spider Form           Tmut/Pois      18%        N/A       8%          3
c - Ice Form              Ice/Tmut       18%        N/A       26%         4
d - Frozen Ramparts       Ice            30%        1d5       11%         3

Your spell library contained the following spells:

 Spells                   Type           Power      Damage    Failure   Level
 Wereblood                Tmut           21%        N/A       2%          2
 Scorch                   Fire           30%        2d7       5%          2
 Ignite Poison            Fire/Tmut/Pois 17%        N/A       9%          3
 Conjure Flame            Conj/Fire      15%        6-21      11%         3
 Summon Guardian Golem    Hex/Summ       15%        N/A       11%         3
 Tukima's Dance           Hex            15%        N/A       11%         3
 Flame Wave               Conj/Fire      15%        3d5       36%         4
 Passage of Golubria      Tloc           15%        N/A       36%         4
 Sticky Flame             Conj/Fire      15%        2d4       36%         4
 Summon Ice Beast         Ice/Summ       15%        N/A       36%         4
 Yara's Violent Unravell  Hex/Tmut       9%         3d6       56%         5
 Summon Cactus Giant      Summ           7%         N/A       99%         6
 Orb of Destruction       Conj           7%         9d3       100%        7
 Spellforged Servitor     Conj/Summ      7%         N/A       100%        7


Dungeon Overview and Level Annotations

Branches:
Dungeon (7/15)             Temple (1/1) D:7

Altars:
Cheibriados
Dithmenos
Elyvilon
Fedhas
Gozag
Hepliaklqana
Kikubaaqudgha
Makhleb
Nemelex Xobeh
Qazlal
Ru
Sif Muna
Trog
Uskayaw
Vehumet
Wu Jian
Xom
Zin
The Shining One

Annotations:
D:7 3 runed translucent doors, browni3141's ghost, weakling DjDe


Innate Abilities, Weirdness & Mutations

You have very sharp teeth.
Your uncanny sense of smell can sniff out nearby items.
Your experience applies equally to all skills.


Message History

Huge Dmg: -17%(-10hp) hp: 38%(23hp)
Aiming: Corrosive Bolt
Press: ? - help, Shift-Dir - straight line, f - orc wizard
Aim: an orc wizard, wielding a +0 dagger and wearing a +0 robe (67% to hit)
The bolt of acid hits the orc!!
The acid corrodes the orc!
You kill the orc!
Makhleb accepts your kill.
The bolt of acid misses the orc priest.
The bolt of acid hits the orc wizard!
The acid corrodes the orc wizard!
You kill the orc wizard!
Makhleb accepts your kill.
The centaur shoots an arrow.
The arrow hits you!
* * * LOW HITPOINT WARNING * * *
The centaur shoots an arrow.
The arrow hits you!
* * * LOW HITPOINT WARNING * * *
Your Invocations skill increases to level 4!
Huge Dmg: -36%(-22hp) hp: 2%(1hp)
You feel much better.
The centaur shoots an arrow.
The arrow hits you.
* * * LOW HITPOINT WARNING * * *
The orc priest invokes the aid of Beogh against you.
Beogh smites you!
* * * LOW HITPOINT WARNING * * *
Unknown command.
As you read the scroll labelled DOPA INUVYOL, it crumbles to dust.
It is a scroll of enchant weapon.
You aren't carrying any weapons that can be enchanted.
The centaur shoots an arrow.
The arrow barely misses you.
Okay, then.
Aiming: Corrosive Bolt
Press: ? - help, Shift-Dir - straight line, f - orc priest
Aim: an orc priest, wielding a +0 hand axe (74% to hit)
The bolt of acid hits the orc priest!
The acid corrodes the orc priest!
You kill the orc priest!
Makhleb accepts your kill.
The bolt of acid hits the centaur!
The acid corrodes the centaur!
The centaur is heavily wounded.
The bolt of acid hits the orc priest!
The orc priest is almost dead.
The centaur shoots an arrow.
The arrow hits you!
You die...

########...#..........#∆∆#...####.
#........##.........#∆∆ #......
#........###........# #......
#..#........######...##. #......
#...........# ##.####### #..(((.
#####...##..###..#.....# #......
##..##.......#(...(# #.<......
#..####.....+..(..# ..#......
#..........@+W...(#.......##/
#.##..#....)+.(...#.......###
..#..#.....c#..!?.#........
....##....†o#(..♣.#
###.....>..##### #
..#......)...... ####.............
#...........o. ##............


You could see a centaur (corroded), an orc priest and browni3141's ghost.

Vanquished Creatures
  A water moccasin (D:6)
  An ice beast (D:6)
  An ogre (D:7)
  A centaur (D:5)
  A gnoll sergeant (D:6)
  5 scorpions
  A water moccasin skeleton (D:5)
  4 orc priests
  A hound (D:5)
  A centaur skeleton (D:5)
  A bullfrog skeleton (D:6)
  4 iguanas
  9 orc wizards
  8 gnolls
  7 adders
  An adder skeleton (D:4)
  A worm (D:2)
  A dart slug (D:1)
  13 orcs
  8 ball pythons
  6 bats
  6 endoplasms
  2 giant cockroaches
  4 goblins
  15 hobgoblins
  5 kobolds
  5 quokkas
  2 frilled lizards (D:2)
  5 rats
120 creatures vanquished.

Notes
Turn   | Place    | Note
-------+----------+-------------------------------------------
     0 | D:1      | RepHenryClay the Gnoll Transmuter began the quest for the
                  | Orb.
     0 | D:1      | Reached XP level 1. HP: 17/17 MP: 6/6
   298 | D:1      | Reached XP level 2. HP: 17/23 MP: 7/7
   679 | D:1      | Reached XP level 3. HP: 14/28 MP: 9/9
   907 | D:1      | Reached skill level 5 in Spellcasting
  1069 | D:1      | Found a faded altar of an unknown god.
  1210 | D:1      | Reached skill level 1 in Invocations
  1331 | D:1      | Learned a level 3 spell: Spider Form
  1734 | D:2      | Reached skill level 1 in Short Blades
  1734 | D:2      | Reached skill level 1 in Long Blades
  1734 | D:2      | Reached skill level 1 in Axes
  1734 | D:2      | Reached skill level 1 in Maces & Flails
  1734 | D:2      | Reached skill level 1 in Polearms
  1734 | D:2      | Reached skill level 1 in Staves
  1734 | D:2      | Reached skill level 1 in Slings
  1734 | D:2      | Reached skill level 1 in Bows
  1734 | D:2      | Reached skill level 1 in Crossbows
  1734 | D:2      | Reached skill level 1 in Throwing
  1734 | D:2      | Reached skill level 1 in Armour
  1734 | D:2      | Reached skill level 1 in Stealth
  1734 | D:2      | Reached skill level 1 in Shields
  1734 | D:2      | Reached skill level 1 in Evocations
  1974 | D:2      | Reached XP level 4. HP: 34/34 MP: 11/11
  2652 | D:3      | Found a glowing golden altar of the Shining One.
  2764 | D:3      | Reached skill level 1 in Conjurations
  2764 | D:3      | Reached skill level 1 in Hexes
  2764 | D:3      | Reached skill level 1 in Summonings
  2764 | D:3      | Reached skill level 1 in Necromancy
  2764 | D:3      | Reached skill level 1 in Translocations
  2764 | D:3      | Reached skill level 1 in Fire Magic
  2764 | D:3      | Reached skill level 1 in Ice Magic
  2764 | D:3      | Reached skill level 1 in Air Magic
  2764 | D:3      | Reached skill level 1 in Earth Magic
  2764 | D:3      | Reached skill level 1 in Poison Magic
  3534 | D:4      | Reached XP level 5. HP: 40/40 MP: 12/12
  3660 | D:4      | Learned a level 4 spell: Ice Form
  4135 | D:4      | Identified the +7 hand axe "Ecsuo" {chaos, rElec rF- Str+2}
  4652 | D:5      | Entered Level 5 of the Dungeon
  4668 | D:5      | Reached XP level 6. HP: 47/47 MP: 10/13
  4975 | D:5      | Found a sacrificial altar of Ru.
  5042 | D:5      | Reached skill level 5 in Dodging
  5369 | D:5      | Reached XP level 7. HP: 52/52 MP: 15/15
  5456 | D:5      | Identified the +8 war axe of the Illusory Gods {vorpal,
                  | Int+4}
  5466 | D:5      | Reached skill level 7 in Unarmed Combat
  5936 | D:6      | HP: 3/79 [orc (6)]
  6651 | D:6      | Found a glowing silver altar of Zin.
  6666 | D:6      | Reached XP level 8. HP: 60/60 MP: 16/16
  6859 | D:6      | Found a shimmering blue altar of Sif Muna.
  7325 | D:6      | Learned a level 3 spell: Frozen Ramparts
  7649 | D:7      | Found a bloodstained altar of Trog.
  8047 | D:7      | Found a staircase to the Ecumenical Temple.
  8055 | Temple   | Entered the Ecumenical Temple
  8178 | Temple   | Became a worshipper of Makhleb the Destroyer
  8282 | D:7      | Found a runed translucent gate.
  8282 | D:7      | Found a runed translucent gate.
  8283 | D:7      | Found a runed translucent gate.
  8287 | D:7      | Noticed browni3141's ghost (weakling DjDe)
  8317 | D:7      | HP: 1/61 [centaur/arrow (11)]
  8320 | D:7      | Shot with an arrow by a centaur

Illustrated notes

Levels and vault maps discovered:
D:1:      lightli_arrival_windingriver, layout_basic,
          shapermc_ecumenical_altar_pompeii
D:2:      layout_loops_ring, hangedman_decor_peaks_small, dk_vineyard_3,
          minmay_misc_feat_square
D:3:      layout_rooms, tso_metal_star, kennysheep_path_1
D:4:      layout_layer_cave, kennysheep_pointless_box, minmay_misc_feat_cross
D:5:      layout_basic, amcnicky_altar_gilded
D:6:      layout_basic, mainiacjoe_overflow_brackets,
          mainiacjoe_overflow_tiny_flanked, hangedman_decor_points,
          amcnicky_mini_pool_small, grunt_tough_drop
D:7:      layout_rooms, lemuel_round_altar, lemuel_crystal_altar,
          minmay_temple_entry_drinking_statues, ebering_ghost_rock_garden,
          supply_closet_lemuel, nrook_campfire, uniq_menkaure,
          uniq_crazy_yiuf_cottage
Temple:   jpeg_temple_clearing

Skill      XL: |  1  2  3  4  5  6  7  8 |
---------------+-------------------------+-----
Spellcasting   | 5 6 |  6.2
Invocations    | 1 2 3 4 |  4.0
Short Blades   | 1 2 3 |  3.6
Long Blades    | 1 2 3 |  3.6
Axes           | 1 2 3 |  3.6
Maces & Flails | 1 2 3 |  3.6
Polearms       | 1 2 3 |  3.6
Staves         | 1 2 3 |  3.6
Slings         | 1 2 3 |  3.6
Bows           | 1 2 3 |  3.6
Crossbows      | 1 2 3 |  3.6
Throwing       | 1 2 3 |  3.6
Armour         | 1 2 3 |  3.6
Stealth        | 1 2 3 |  3.6
Shields        | 1 2 3 |  3.6
Evocations     | 1 2 3 |  3.6
Conjurations   | 1 2 |  2.9
Hexes          | 1 2 |  2.9
Summonings     | 1 2 |  2.9
Necromancy     | 1 2 |  2.9
Translocations | 1 2 |  2.9
Fire Magic     | 1 2 |  2.9
Ice Magic      | 1 2 |  2.9
Air Magic      | 1 2 |  2.9
Earth Magic    | 1 2 |  2.9
Poison Magic   | 1 2 |  2.9
Fighting       | 3 4 |  4.5
Transmutations | 4 |  4.8
Dodging        | 5 |  5.9
Unarmed Combat | 7 |  7.5

Action                   |  1- 3 |  4- 6 |  7- 9 || total
-------------------------+-------+-------+-------++-------
Melee: Unarmed           |   113 |   120 |     4 ||   237
       Bite              |     4 |     2 |     5 ||    11
       Kick              |     5 |       |       ||     5
       Punch             |     2 |     1 |     1 ||     4
       Headbutt          |     5 |       |       ||     5
       War axe           |       |       |    89 ||    89
Throw: Dart              |       |     4 |    36 ||    40
 Cast: Beastly Appendage |     3 |       |       ||     3
       Spider Form       |     1 |    17 |       ||    18
       Ice Form          |       |       |     1 ||     1
       Frozen Ramparts   |       |       |     1 ||     1
Evoke: Wand              |       |       |     2 ||     2
  Use: Potion            |       |     1 |     4 ||     5
       Scroll            |       |       |     1 ||     1
 Stab: Distracted        |     1 |       |     2 ||     3
       Sleeping          |     5 |     6 |       ||    11
Armor: Robe              |    22 |     2 |    20 ||    44
       Skin              |       |     4 |     1 ||     5
Dodge: Dodged            |    81 |    98 |    75 ||   254

Table legend: (Time is in decaauts)
 A = Elapsed time spent in this place.
 B = Non-inter-level travel time spent in this place.
 C = Inter-level travel time spent in this place.
 D = Time resting spent in this place.
 E = Time spent auto-exploring this place.
 F = Levels seen in this place.
 G = Mean time per level.
                   A        B        C        D        E       F      G
               +--------+--------+--------+--------+--------+-----+--------+
         Total |   8330 |   8143 |    187 |   1602 |   5357 |   8 | 1041.2 |
       Dungeon |   8189 |   8046 |    143 |   1602 |   5275 |   7 | 1169.9 |
        Temple |    140 |     96 |     44 |      0 |     82 |   1 |  140.0 |
               +--------+--------+--------+--------+--------+-----+--------+

Top non-repeatable levels by time:
     D:6: 1567 daAuts
     D:5: 1559 daAuts
     D:1: 1491 daAuts
     D:4: 1224 daAuts
     D:2: 1084 daAuts
     D:3: 828 daAuts
     D:7: 434 daAuts
  Temple: 140 daAuts
